 Dungeon Crawl Stone Soup version 0.27-a0-1557-g57f10a385c (webtiles) character file.

Game seed: 14740101517124720939

23 Leszczynek the Skirmisher (level 3, 24/26 HPs)
             Began as a Human Gladiator on July 15, 2021.
             Was a Follower of Hepliaklqana.
             Quit the game on level 2 of the Dungeon.
             The game lasted 00:05:41 (437 turns).

Leszczynek the Skirmisher (Human Gladiator)          Turns: 437, Time: 00:05:41

Health: 24/26      AC:  4    Str: 14    XL:     3   Next: 10%
Magic:  3/3        EV: 12    Int:  9    God:    Hepliaklqana [*.....]
Gold:   29         SH:  0    Dex: 14    Spells: 2/2 levels left

rFire    . . .     SeeInvis .   a - +0 quarterstaff
rCold    . . .     Faith    .   (shield currently unavailable)
rNeg     . . .     Spirit   .   b - +0 leather armour
rPois    .         Reflect  .   c - +0 helmet
rElec    .         Harm     .   (no cloak)
rCorr    .         Rampage  .   (no gloves)
Will     .....                  (no boots)
Stlth    +.........             (no amulet)
HPRegen  0.08/turn              (no ring)
MPRegen  0.08/turn              (no ring)

@: no status effects
A: reduced essence
a: Renounce Religion, Recall Ancestor, Ancestor Identity


You were on level 2 of the Dungeon.
You worshipped Hepliaklqana.
Hepliaklqana was aware of your devotion.
You visited 1 branch of the dungeon, and saw 3 of its levels.

You collected 29 gold pieces.

Inventory:

Hand Weapons
 a - a +0 quarterstaff (weapon)
 e - a +3 dagger
Missiles
 d - 2 throwing nets (quivered)
 h - 20 poisoned darts
Armour
 b - a +0 leather armour (worn)
 c - a +0 helmet (worn)
Scrolls
 g - 2 scrolls of identify {unknown}
Potions
 f - a potion of curing {unknown}


   Skills:
 + Level 3.3 Fighting
 - Level 3.0 Staves
 - Level 2.0 Throwing
 - Level 3.0 Dodging


You had 2 spell levels left.
You didn't know any spells.
Your spell library was empty.

Dungeon Overview and Level Annotations

Branches:
Dungeon (3/15)

Altars:
Hepliaklqana

Shops:
D:1 =


Message History

Found 20 poisoned darts.
Found 11 gold pieces.
You see here 20 poisoned darts.
h - 20 poisoned darts You now have 29 gold pieces (gained 11).
A hobgoblin comes into view.
The hobgoblin shouts!
You open the door.
There is an open door here.
You hit the hobgoblin but do no damage. The hobgoblin barely misses you.
You sock the hobgoblin!
You kill the hobgoblin!
You open the door.
There is an open door here.
There is a stone staircase leading down here.
You climb downwards.
The adder hisses angrily.
The jackal barks!
Found a metallic blue potion and 13 gold pieces.
There is a stone staircase leading up here.
Unknown command.
You climb upwards.
There is a stone staircase leading down here.
You open the door.
There is an open door here.
Found a faded altar of an unknown god.
You enter the shallow water.
Moving in this stuff is going to be slow.
There is a faded altar of an unknown god here.
You cannot tell which god this altar belongs to.
Convert to them anyway?
Okay, then.
You cannot tell which god this altar belongs to.
Convert to them anyway?
Okay, then.
You cannot tell which god this altar belongs to.
Convert to them anyway?
Hepliaklqana accepts your prayer! Hepliaklqana welcomes you!
Hepliaklqana forms a fragment of your life essence into the memory of your ancestor, Nefertari!
You can now recall your ancestor.
You can now remember your ancestor's identity.
Okay, then.
Are you sure you want to abandon this character and quit the game? (Confirm with "yes".)

##. .# #..
.≈.# ##..P
###.≈.# ....⌠
#@#.≈.# ..
##..⌠.#.#.≈.#
.
....P.#R#.≈.#
#
##..⌠P...P≈.#
#
....≈≈≈≈≈≈⌠.#
#
.#..........#
###
#.#....#.###
..# #
#.#..#.# #.#
#.#.#..#.#


You could see the friendly Nefertari the ancestor.

Vanquished Creatures
  A dart slug (D:1)
  A bat (D:1)
  A goblin (D:1)
  4 hobgoblins
  6 jackals (D:1)
  2 kobolds (D:1)
  A ball python (D:1)
16 creatures vanquished.

Notes
Turn   | Place    | Note
-------+----------+-------------------------------------------
     0 | D:1      | Leszczynek the Human Gladiator began the quest for the Orb.
     0 | D:1      | Reached XP level 1. HP: 16/16 MP: 1/1
    52 | D:1      | Reached XP level 2. HP: 9/23 MP: 2/2
    65 | D:1      | Found Ethep's Jewellery Shop.
   157 | D:1      | Reached skill level 3 in Fighting
   164 | D:1      | HP: 3/24 [kobold (4)]
   191 | D:1      | HP: 2/24 [goblin (3)]
   203 | D:1      | Reached XP level 3. HP: 2/29 MP: 3/3
   428 | D:2      | Found a faded altar of an unknown god.
   436 | D:2      | Became a worshipper of Hepliaklqana the Forgotten
   436 | D:2      | Reached * piety under Hepliaklqana
   437 | D:2      | Quit the game

Illustrated notes

Levels and vault maps discovered:
D:1:      doesnt_arrival_eight_statues, layout_basic, serial_shops, shop
D:2:      layout_basic, shapermc_ecumenical_altar_acropolis
D:3:      layout_basic, minmay_gold_behind_fungi, uniq_crazy_yiuf_cottage,
          uniq_sigmund

Skill      XL: |  1  2 |
---------------+-------+-----
Fighting       | 3 |  3.3
Staves         | |  3.0
Throwing       | |  2.0
Dodging        | |  3.0

Action                   || total
-------------------------++-------
Melee: Quarterstaff      ||    44
Throw: Throwing net      ||     1
 Stab: Held in net/web   ||     1
Armor: Leather armour    ||    12
Dodge: Dodged            ||    28

Table legend: (Time is in decaauts)
 A = Elapsed time spent in this place.
 B = Non-inter-level travel time spent in this place.
 C = Inter-level travel time spent in this place.
 D = Time resting spent in this place.
 E = Time spent auto-exploring this place.
 F = Levels seen in this place.
 G = Mean time per level.
                   A        B        C        D        E       F      G
               +--------+--------+--------+--------+--------+-----+--------+
         Total |    463 |    447 |     16 |      0 |      0 |   3 |  154.3 |
       Dungeon |    463 |    447 |     16 |      0 |      0 |   3 |  154.3 |
               +--------+--------+--------+--------+--------+-----+--------+

Top non-repeatable levels by time:
     D:1: 353 daAuts
     D:2: 108 daAuts
     D:3: 1 daAuts
